AoeStats
← NPG | FishCL

Arabia

507150632Analyzed
4v4 RM · 14d ago on Sep 16, 2026· 39m 15s· 8 players
Game mode
Random Map
Map size
Large (8 player)
Population
200
Speed
Normal
Resources
Standard
Victory
Conquest
Starting age
Dark Age
Ending age
Imperial Age
RankedLock teamsTeams togetherTeam positionsShared explorationLock speedFull tech treeHidden civsTurbo modeCheats
Victory
Defeat
🇲🇽 Franks · Mexico
1732
+8
🇲🇽 Vikings · Mexico
1595
+13
🇲🇽 Magyars · Mexico
1532
+15
🇲🇽 Britons · Mexico
1509
+16
🇨🇱 Ethiopians · Chile
1610
-16
🇨🇴 Persians · Colombia
1586
-15
🇨🇱 Franks · Chile
1546
-14
🇨🇱 Britons · Chile
1358
-7
jmolinao
6:07 Loom
8:51 Feudal Age
9:43 Double-Bit Axe
11:18 Horse Collar
13:45 Forging
18:06 Scale Mail Armor
19:54 Scale Barding Armor
21:48 Wheelbarrow
21:15 Gold Mining
21:44 Bloodlines
25:10 Castle Age
26:01 Chain Barding Armor
26:07 Husbandry
25:52 Light Cavalry
28:57 Hand Cart
33:33 Town Watch
AiM | PoRRo
7:19 Loom
9:21 Feudal Age
10:05 Double-Bit Axe
15:12 Scale Barding Armor
17:22 Forging
22:06 Castle Age
20:33 Gold Mining
23:16 Husbandry
25:43 Chain Barding Armor
30:13 Wheelbarrow
33:54 Iron Casting
NPG | FishCL
6:59 Loom
9:23 Feudal Age
12:56 Fletching
14:43 Padded Archer Armor
16:45 Double-Bit Axe
23:22 Castle Age
21:54 Gold Mining
23:25 Crossbowman
24:13 Bodkin Arrow
29:00 Bow Saw
30:07 Ballistics
31:43 Thumb Ring
35:29 Horse Collar
NPG | Kraxher
3:32 Loom
9:26 Feudal Age
10:58 Double-Bit Axe
13:43 Fletching
18:53 Padded Archer Armor
23:51 Wheelbarrow
30:51 Castle Age
31:13 Crossbowman
32:37 Bodkin Arrow
hK | Charles Martel
6:22 Loom
8:56 Feudal Age
9:29 Double-Bit Axe
14:49 Scale Barding Armor
16:41 Forging
19:51 Wheelbarrow
23:10 Castle Age
21:52 Gold Mining
23:52 Husbandry
24:30 Bow Saw
26:52 Chain Barding Armor
28:09 Iron Casting
27:26 Town Watch
37:44 Hand Cart
40:19 Gold Shaft Mining
hK | Agt. Smith
6:27 Loom
8:57 Feudal Age
9:47 Double-Bit Axe
13:14 Fletching
16:57 Padded Archer Armor
22:45 Castle Age
21:05 Gold Mining
21:32 Horse Collar
22:50 Crossbowman
23:44 Bodkin Arrow
24:49 Ballistics
29:24 Leather Archer Armor
34:50 Imperial Age
34:44 Bow Saw
35:38 Bracer
35:45 Arbalester
39:18 Chemistry
39:33 Heavy Plow
hK | TwisteR
5:59 Loom
9:10 Feudal Age
9:46 Double-Bit Axe
15:51 Scale Barding Armor
22:57 Castle Age
21:37 Bloodlines
23:25 Gold Mining
23:15 Horse Collar
23:24 Light Cavalry
25:44 Chain Barding Armor
29:22 Bow Saw
31:18 Wheelbarrow
32:09 Husbandry
33:10 Hand Cart
33:50 Heavy Plow
40:00 Gold Shaft Mining
hK | triunFo
8:56 Feudal Age
9:37 Loom
10:27 Wheelbarrow
11:43 Double-Bit Axe
14:22 Fletching
15:03 Padded Archer Armor
27:17 Castle Age
27:21 Crossbowman
28:05 Bodkin Arrow
32:46 Horse Collar
Connection lost

Rejoining the realm…

Still unreachable

The connection could not be restored.

Session expired

The server has moved on; the page needs a fresh start.